 Dungeon Crawl Stone Soup version 0.30-a0-1082-g70414cbcbb (webtiles) character file.

Game seed: 14320066262407921728

3108 Zonian the Ruffian (level 10, 0/79 HPs)
             Began as a Human Gladiator on Apr 15, 2023.
             Was an Initiate of Ashenzari.
             Succumbed to a hornet's poison
             ... on level 7 of the Dungeon.
             The game lasted 00:18:51 (9401 turns).

Zonian the Ruffian (Human Gladiator)                Turns: 9401, Time: 00:18:51

Health: 0/79       AC: 17    Str: 18    XL:     10   Next: 13%
Magic:  10/10      EV: 12    Int:  9    God:    Ashenzari [......]
Gold:   183        SH:  0    Dex: 15    Spells: 9/9 levels left

rFire   x . .      SeeInvis .      - Unarmed
rCold   + . .      Faith    .    i - orb {light}
rNeg    . . .      Spirit   .    C - +1 scale mail
rPois   .          Reflect  .    b - +0 helmet
rElec   .          Rampage  .    l - +0 cloak
rCorr   .                        p - +0 pair of gloves
Will    .....                    c - +2 pair of boots Stlth
                                 (no amulet)
HPRegen 0.33/turn                m - +4 ring of protection
MPRegen 0.12/turn                d - ring of ice

@: lethally poisoned (0 -> -1), on berserk cooldown, glowing
A: no striking features
a: Renounce Religion


You were on level 7 of the Dungeon.
You worshipped Ashenzari.
Ashenzari was noncommittal.
You visited 2 branches of the dungeon, and saw 8 of its levels.

You collected 183 gold pieces.

Inventory:

Hand Weapons
 n - a +1 dagger of protection
 r - the +5 woodcutter's axe
   (You found it on level 7 of the Dungeon)
Missiles
 h - a javelin (quivered)
 q - 2 poisoned darts
 A - 6 silver javelins
Armour
 a - a +0 leather armour
 b - a +0 helmet (worn)
 c - a +2 pair of boots (worn)
 i - an orb of light (worn)
 l - a +0 cloak (worn)
 p - a +0 pair of gloves (worn)
 C - a +1 scale mail (worn)
Jewellery
 d - a ring of ice (right hand)
 m - a +4 ring of protection (left hand)
Wands
 H - a wand of flame (37)
Scrolls
 j - a scroll of vulnerability
 s - a scroll of enchant weapon
 t - a scroll of fog
 x - a scroll of poison
 D - a scroll of amnesia
 E - 2 scrolls of teleportation
Potions
 e - a potion of resistance
 f - 2 potions of mutation
 g - a potion of attraction
 o - 2 potions of invisibility
 u - a potion of magic
 B - 2 potions of berserk rage
 F - a potion of lignification


   Skills:
 + Level 7.0 Fighting
 + Level 7.0 Throwing
 + Level 7.4 Dodging
 + Level 7.4 Unarmed Combat


You had 9 spell levels left.
You didn't know any spells.
Your spell library contained the following spells:

 Spells                   Type           Power      Damage    Failure   Level
 Sting                    Tmut/Pois      0%         1d3       80%         1
 Poisonous Vapours        Pois/Air       0%         N/A       91%         2
 Olgreb's Toxic Radiance  Pois           0%         N/A       100%        4


Dungeon Overview and Level Annotations

Branches:
Dungeon (7/15)             Temple (1/1) D:4

Altars:
Ashenzari
Dithmenos
Elyvilon
Fedhas
Gozag
Hepliaklqana
Makhleb
Okawaru
Ru
Sif Muna
Trog
Uskayaw
Vehumet
Xom
Yredelemnul
Zin
The Shining One

Annotations:
D:4 1 runed translucent door, Crazy Yiuf
D:6 Dowan, Duvessa


Message History

* * * LOW HITPOINT WARNING * * *
You feel sick.
Your Fighting skill increases to level 7!
Your Throwing skill increases to level 7!
Unknown command.
* * * LOW HITPOINT WARNING * * *
You feel very sick.
You feel a strong urge to attack something.
* * * LOW HITPOINT WARNING * * *
You feel sick.
* * * LOW HITPOINT WARNING * * *
You feel sick.
You see here 12 gold pieces.
You feel your anger nearly subside.
You are no longer berserk.
You are exhausted.
You feel as though you will be slow longer.
* * * LOW HITPOINT WARNING * * *
You feel sick.
It was a potion of lignification.
You turn into a tree.
Your +0 cloak melds into your body.
Your +0 helmet melds into your body.
Your +0 pair of gloves melds into your body.
Your +2 pair of boots melds into your body.
Your +1 scale mail melds into your body.
Your roots penetrate the ground.
* * * LOW HITPOINT WARNING * * *
You feel sick.
It was a potion of brilliance.
You feel clever all of a sudden.
* * * LOW HITPOINT WARNING * * *
You feel sick.
It was a potion of cancellation.
Your magical effects are unravelling.
You feel magically purged.
You feel less wooden.
Your +0 cloak unmelds from your body.
Your +0 helmet unmelds from your body.
Your +0 pair of gloves unmelds from your body.
Your +2 pair of boots unmelds from your body.
Your +1 scale mail unmelds from your body.
You feel yourself speed up.
You feel a little less clever now.
You die...

#.........####......#
+.....>.............#
.#+#......##............
..........##.#.#........
.........###.#..........
.........# #.#..........
........#....# .........
.......$#....# .........
...#...@#....♣ ♣♣♣♣♣♣♣..
## #....##..♣.. .♣.
......... ..♣ ≈ ≈.♣.
.......... .♣ ≈.♣.
........... ...≈ ♣[
............ .z.≈≈.♣.
............♣ .z.≈≈.♣.
............♣ ≈≈≈.≈.♣.
..≈.♣.


There were no monsters in sight!

Vanquished Creatures
  Pikel (D:4)
  A hornet (D:7)
  Prince Ribbit (D:5)
  Sigmund (D:2)
  Edmund (D:6)
  An orc warrior (D:7)
  A black bear (D:6)
  2 ogres (D:5)
  A lemure (D:4)
  3 centaurs
  A kobold brigand (D:7)
  Blork the orc (D:5)
  A bullfrog (D:7)
  A gnoll sergeant (D:6)
  2 scorpions (D:5)
  5 wights (D:7)
  2 jellies
  3 hounds
  3 orc priests
  4 iguanas
  3 orc wizards (D:5)
  10 gnolls
  10 adders
  2 shadow imps
  2 white imps
  2 ufetubi (D:5)
  3 dart slugs
  A worm (D:4)
  14 orcs
  9 ball pythons
  5 endoplasms
  3 giant cockroaches
  6 goblins
  5 hobgoblins
  10 jackals
  12 kobolds
  5 quokkas
  9 bats
  6 frilled lizards
  5 rats
158 creatures vanquished.

Vanquished Creatures (others)
  A plant (D:4)
1 creature vanquished.

Grand Total: 159 creatures vanquished

Notes
Turn   | Place    | Note
-------+----------+-------------------------------------------
     0 | D:1      | Zonian the Human Gladiator began the quest for the Orb.
     0 | D:1      | Reached XP level 1. HP: 16/16 MP: 1/1
   119 | D:1      | Reached XP level 2. HP: 22/22 MP: 2/2
   348 | D:1      | Reached XP level 3. HP: 24/28 MP: 3/3
  1129 | D:2      | Reached XP level 4. HP: 34/34 MP: 4/4
  1160 | D:2      | Found an opulent altar of Gozag.
  1357 | D:2      | Noticed Sigmund
  1382 | D:2      | Killed Sigmund
  1383 | D:2      | Reached XP level 5. HP: 41/41 MP: 5/5
  1383 | D:2      | Reached XP level 6. HP: 47/47 MP: 6/6
  2098 | D:3      | Found a blossoming altar of Fedhas.
  2575 | D:3      | You fall into a shaft and drop 2 floors!
  2575 | D:5      | Entered Level 5 of the Dungeon
  2582 | D:5      | Noticed an ogre
  2628 | D:5      | Killed an ogre
  2629 | D:5      | Reached XP level 7. HP: 50/53 MP: 7/7
  2837 | D:4      | Found a staircase to the Ecumenical Temple.
  2893 | Temple   | Entered the Ecumenical Temple
  3123 | D:4      | Reached skill level 5 in Dodging
  3557 | D:4      | Found a white marble altar of Elyvilon.
  3577 | D:4      | Found a hazy altar of Hepliaklqana.
  3744 | D:4      | Found a runed translucent door.
  3745 | D:4      | Noticed Crazy Yiuf
  4127 | D:3      | Reached skill level 5 in Unarmed Combat
  4127 | D:3      | Reached XP level 8. HP: 45/61 MP: 8/8
  5187 | D:5      | Noticed Blork the orc
  5208 | D:5      | Killed Blork the orc
  5250 | D:5      | Reached skill level 5 in Throwing
  5451 | D:5      | Reached skill level 5 in Fighting
  5546 | D:5      | Noticed Pikel
  5633 | D:5      | Noticed Prince Ribbit
  5666 | D:5      | Killed Prince Ribbit
  6102 | D:4      | Killed Pikel
  6103 | D:4      | Reached XP level 9. HP: 34/69 MP: 9/9
  6376 | D:6      | Noticed Edmund
  6908 | D:6      | Killed Edmund
  7296 | D:6      | Noticed Dowan
  7300 | D:6      | Noticed Duvessa
  7947 | D:7      | Found a broken altar of Ashenzari.
  8403 | D:7      | Became a worshipper of Ashenzari the Shackled
  8431 | D:7      | Found a glowing golden altar of the Shining One.
  8626 | D:7      | Found a burning altar of Makhleb.
  8740 | D:7      | Found the +5 woodcutter's axe
  8783 | D:7      | Reached XP level 10. HP: 57/77 MP: 10/10
  9384 | D:7      | Paralysed by a hornet for 3 turns
  9397 | D:7      | HP: 5/118 [poisoned by a hornet]
  9398 | D:7      | HP: 1/79 [poisoned by a hornet]
  9401 | D:7      | Succumbed to a hornet's poison

Illustrated notes

Levels and vault maps discovered:
D:1:      shiori_arrival_maze, layout_loops_ring
D:2:      layout_basic, basic_altar, chequers_serial_rivers_marsh, uniq_sigmund
D:3:      minmay_bubble_buster, layout_loops_corners,
          nicolae_overflow_hidden_temple
D:4:      layout_basic, mainiacjoe_overflow_chevrons,
          nicolae_hepliaklqana_hazy_memory, minmay_temple_entry_ruins,
          uniq_crazy_yiuf_cottage
D:5:      layout_cave_pools, nrook_campfire, uniq_prince_ribbit1, uniq_pikel,
          uniq_blork_the_orc
D:6:      layout_loops_ring, uniq_duvessa, uniq_edmund
D:7:      layout_basic, kennysheep_mini, ashenzari_conservatory_becter,
          mainiacjoe_overflow_24_doors, mainiacjoe_overflow_paths,
          nicolae_underground_beach
Temple:   hellmonk_temple_of_storms

Skill      XL: |  1  2  3  4  5  6  7  8  9 10 |
---------------+-------------------------------+-----
Fighting       | 3 4 5 6 7 |  7.0
Throwing       | 3 4 6 7 |  7.0
Dodging        | 4 5 6 7 |  7.4
Unarmed Combat | 4 5 6 7 |  7.4

Action                     |  1- 3 |  4- 6 |  7- 9 | 10-12 || total
---------------------------+-------+-------+-------+-------++-------
  Melee: Unarmed           |    87 |   156 |   475 |    43 ||   761
         Punch             |     1 |     5 |    10 |       ||    16
  Throw: Dart              |     3 |    14 |    10 |     2 ||    29
         Throwing net      |     2 |     2 |     4 |       ||     8
         Javelin           |       |     2 |     8 |       ||    10
  Evoke: Wand              |       |       |       |     2 ||     2
    Use: Potion            |       |     1 |     2 |     5 ||     8
         Scroll            |       |     6 |    16 |       ||    22
   Stab: Sleeping          |     3 |       |       |       ||     3
 Armour: Leather armour    |    34 |    52 |    80 |       ||   166
         Scale mail        |       |       |   134 |    18 ||   152
  Dodge: Dodged            |    46 |    70 |   356 |    22 ||   494

Table legend: (Time is in decaauts)
 A = Elapsed time spent in this place.
 B = Non-inter-level travel time spent in this place.
 C = Inter-level travel time spent in this place.
 D = Time resting spent in this place.
 E = Time spent auto-exploring this place.
 F = Levels seen in this place.
 G = Mean time per level.
                   A        B        C        D        E       F      G
               +--------+--------+--------+--------+--------+-----+--------+
         Total |   9340 |   8882 |    458 |   2945 |   3969 |   8 | 1167.5 |
       Dungeon |   9217 |   8759 |    458 |   2945 |   3869 |   7 | 1316.7 |
        Temple |    122 |    122 |      0 |      0 |    100 |   1 |  122.0 |
               +--------+--------+--------+--------+--------+-----+--------+

Top non-repeatable levels by time:
     D:5: 1946 daAuts
     D:3: 1839 daAuts
     D:7: 1448 daAuts
     D:4: 1302 daAuts
     D:6: 969 daAuts
     D:1: 941 daAuts
     D:2: 770 daAuts
  Temple: 122 daAuts
